Map: Frost LE

Players

Mado

  • Race: Terran Terran
  • Spawn Location: 11:00

Fropez - Winner!

  • Race: Protoss Protoss
  • League: Gold
  • Spawn Location: 5:00

VOD

Have the link to the VOD?

Description

Time

  • Played on: Aug. 20, 2016, 12:19 a.m.
  • Length: 9:27
Show
View Real Time Build Order
Export as new Build Order

Mado Terran 

Build Orders:  

Get SALT Encoding   

  12  0:03  SCV  
  13  0:21  Supply Depot  
  13  0:47  Barracks  
  13  0:58  SCV  
  13  0:59  Refinery  
  14  1:10  SCV  
  15  1:22  SCV  
  16  1:42  Bunker  
  16  1:59  Barracks Tech Lab  
  16  2:10  SCV  
  17  2:18  Marauder  
  17  2:22  SCV  
  20  2:34  SCV  
  21  2:38  Barracks  
  21  2:40  Marauder  
  23  2:49  Refinery  
  23  3:06  Orbital Command  
  23  3:35  Barracks Reactor  
  23  4:03  Command Center  
  23  4:55  Supply Depot  
  23  5:14  Marine x2  
  23  5:15  Marauder  
  23  5:18  Supply Depot  
  23  5:20  SCV  
  23  5:21  Supply Depot  
  28  5:31  SCV  
  28  5:32  Marine x2  
  31  5:36  Marauder  
  33  5:43  SCV  
  33  5:44  Supply Depot  
  34  5:50  Marine x2  
  36  5:58  Marauder  
  38  6:08  Marine x2  
  40  6:19  Marauder  
  40  6:20  Engineering Bay  
  42  6:26  SCV  
  43  6:38  SCV  
  44  6:41  Marauder  
  46  6:50  SCV  
  43  8:05  Reaper x2  
  37  8:18  Marauder  
  30  8:37  Marine x2  
  30  8:39  Marauder  
  28  8:46  SCV  
  26  8:55  Marine, Reaper  
  28  8:58  SCV  
  28  9:01  Marauder  
  20  9:10  SCV  
Show
View Real Time Build Order
Export as new Build Order

Fropez Protoss - Winner!

Build Orders: 1 Gate Expand 

Get SALT Encoding   

  12  0:03  Probe (Chrono Boost)  
  13  0:13  Pylon  
  13  0:21  Probe (Chrono Boost)  
  14  0:32  Gateway  
  14  0:36  Probe (Chrono Boost)  
  15  0:48  Assimilator  
  15  1:11  Nexus  
  15  1:19  Pylon  
  15  1:32  Cybernetics Core  
  15  1:33  Probe (Chrono Boost)  
  16  1:59  Probe (Chrono Boost)  
  17  2:06  Pylon  
  17  2:10  Probe (Chrono Boost), Assimilator  
  17  2:14  Assimilator  
  18  2:21  Probe (Chrono Boost)  
  19  2:23  Assimilator  
  19  2:24  Assimilator  
  19  2:32  Probe (Chrono Boost)  
  19  2:33  Probe (Chrono Boost)  
  21  2:42  Probe (Chrono Boost)  
  22  2:47  Probe (Chrono Boost)  
  22  2:48  Pylon  
  22  2:49  Pylon  
  23  3:00  Pylon, Warp Gate (Chrono Boost)  
  25  3:05  Adept  
  25  3:14  Pylon  
  25  3:18  Probe x2  
  27  3:28  Probe  
  27  3:30  Probe  
  29  3:36  Gateway  
  29  3:50  Robotics Facility  
  29  3:52  Probe  
  29  3:53  Probe  
  31  4:03  Gateway  
  31  4:04  Probe  
  31  4:06  Probe  
  33  4:17  Probe  
  34  4:25  Gateway  
  34  4:33  Pylon x2  
  34  4:35  Probe x2  
  36  4:43  Warp Prism (Chrono Boost)  
  38  4:51  Probe  
  39  5:03  Gateway  
  39  5:07  Gateway  
  39  5:10  Twilight Council  
  39  5:11  Probe  
  41  5:15  Pylon  
  41  5:20  Mothership Core  
  42  5:25  Adept x2  
  42  5:28  Adept  
  48  5:30  Probe  
  49  5:36  Adept  
  49  5:41  Probe  
  52  5:47  Probe  
  52  5:48  Forge  
  53  5:53  Pylon  
  53  5:55  Pylon  
  53  5:57  Pylon  
  53  6:10  Adept x2  
  53  6:11  Adept x3  
  63  6:47  Adept x5  
  65  6:48  Adept  
  75  6:55  Protoss Ground Weapons Level 1 (Chrono Boost)  
  75  7:00  Pylon  
  75  7:07  Observer (Chrono Boost)  
  76  7:12  Resonating Glaives (Chrono Boost)  
  76  7:16  Nexus  
  76  7:17  Pylon  
  76  7:18  Pylon  
  76  7:26  Gateway  
  76  7:27  Gateway  
  73  7:39  Adept x6  
  71  8:36  Adept x2  
  75  8:50  Probe  
  75  8:52  Probe  
  77  9:04  Probe x3  
Tags
 
League
Gold
Matchup
PvT
Replay Pack
All Mines
Spawn Locations
Cross Positions
Add a new tag
Caveats
  • Supply blocks, unpowered buildings, or Contaminate may cause inaccurate times.
  • Supply counts are checked every 10 seconds.